3L
PANAMA CITY PIRANHAS @ D.C. DIVIDED
10/12/2021
 
TOP OF THE 1ST
Panama City Piranhas batting - Pitching for D.C. Divided : RHP José Alaniz
Pitching: RHP José Alaniz
Batting: LHB Francisco Sánchez 0-0: Ball
1-0: Foul Ball, location: 2F
1-1: Ball
2-1: Foul Ball, location: 2F
2-2: Foul Ball, location: 2F
2-2: Ball
3-2: SINGLE (Line Drive, 89S)
Batting: LHB Melvin Castro 0-0: Called Strike
0-1: Ball
1-1: Ball
2-1: Foul Ball, location: 2F
2-2: Ball
3-2: Foul Ball, location: 2F
3-2: SINGLE (Groundball, 5D)
Francisco Sánchez to second
Francisco Sánchez to third
Batting: SHB Marc Talamante 0-0: Swinging Strike
0-1: Ball
1-1: Swinging Strike
1-2: SINGLE (Line Drive, 89S)
Francisco Sánchez scores
Melvin Castro to second
Batting: RHB Brad Perry 0-0: Called Strike
0-1: Grounds into double play, 6-4-3 (Groundball, 6M)
Melvin Castro to third
Batting: RHB Tim Barnes 0-0: Ball
1-0: Ball
2-0: Ball
3-0: Base on Balls
Batting: RHB Cliff Dixon 0-0: Called Strike
0-1: Foul Ball, location: 2F
0-2: Ball
1-2: Foul Ball, location: 2F
1-2: Strikes out swinging
Top of the 1st over - 1 run(s), 3 hit(s), 0 error(s), 2 left on base; Panama City 1 - D.C. 0
BOTTOM OF THE 1ST
D.C. Divided batting - Pitching for Panama City Piranhas : LHP Pedro Alejándrez
Pitching: LHP Pedro Alejándrez
Batting: RHB Brett Robinson 0-0: Ball
1-0: Swinging Strike
1-1: Called Strike
1-2: Ball
2-2: Strikes out swinging
Batting: RHB Jonathan Widdop 0-0: Ball
1-0: Ground out 4-3 (Groundball, 4M)
Batting: RHB Gustavo Mateo 0-0: Foul Ball, location: 2F
0-1: Ball
1-1: Ground out 6-3 (Groundball, 6M)
Bottom of the 1st over - 0 run(s), 0 hit(s), 0 error(s), 0 left on base; Panama City 1 - D.C. 0
TOP OF THE 2ND
Panama City Piranhas batting - Pitching for D.C. Divided : RHP José Alaniz
Batting: RHB Fernando López 0-0: Ball
1-0: Ball
2-0: Foul Ball, location: 2F
2-1: Foul Ball, location: 2F
2-2: Foul Ball, location: 2F
2-2: Ground out 5-3 (Groundball, 56)
Batting: LHB Arturo Guzmán 0-0: Called Strike
0-1: Foul Ball, location: 2F
0-2: DOUBLE (Line Drive, 89M)
Batting: RHB Kyle Taylor 0-0: Ball
1-0: Ball
2-0: Called Strike
2-1: Ground out 4-3 (Groundball, 4M)
Arturo Guzmán to third
Batting: LHB Francisco Sánchez 0-0: Ball
1-0: Called Strike
1-1: Fly out, F9 (Line Drive, 9M)
Top of the 2nd over - 0 run(s), 1 hit(s), 0 error(s), 1 left on base; Panama City 1 - D.C. 0
BOTTOM OF THE 2ND
D.C. Divided batting - Pitching for Panama City Piranhas : LHP Pedro Alejándrez
Batting: LHB Félix Pérez 0-0: Called Strike
0-1: Ball
1-1: Foul Ball, location: 2F
1-2: SINGLE (Groundball, 4MD)
Batting: RHB Lúcio López 0-0: Called Strike
0-1: Ball
1-1: Grounds into double play, 6-4-3 (Groundball, 6)
Batting: LHB Mike Gardner 0-0: Ball
1-0: Ball
2-0: Ball
3-0: Base on Balls
Batting: LHB Jorge Aicón 0-0: Ball
1-0: Called Strike
1-1: Fly out, F8 (Popup, 8RS)
Bottom of the 2nd over - 0 run(s), 1 hit(s), 0 error(s), 1 left on base; Panama City 1 - D.C. 0
TOP OF THE 3RD
Panama City Piranhas batting - Pitching for D.C. Divided : RHP José Alaniz
Batting: LHB Melvin Castro 0-0: Called Strike
0-1: Ground out U3 (Groundball, 3)
Batting: SHB Marc Talamante 0-0: Fly out, F6 (Popup, 56D)
Batting: RHB Brad Perry 0-0: Ball
1-0: Ball
2-0: Ball
3-0: Base on Balls
Batting: RHB Tim Barnes 0-0: Called Strike
0-1: Swinging Strike
0-2: Foul Ball, location: 2F
0-2: Ball
1-2: Ball
2-2: Ball
3-2: Foul Ball, location: 2F
3-2: Strikes out swinging
Top of the 3rd over - 0 run(s), 0 hit(s), 0 error(s), 1 left on base; Panama City 1 - D.C. 0
BOTTOM OF THE 3RD
D.C. Divided batting - Pitching for Panama City Piranhas : LHP Pedro Alejándrez
Batting: LHB Ramón García 0-0: Called Strike
0-1: Called Strike
0-2: Fly out, F8 (Flyball, 8RM)
Batting: LHB Charles Mathes 0-0: Called Strike
0-1: Ball
1-1: Fly out, F7 (Flyball, 7D)
Batting: RHB Brett Robinson 0-0: Ball
1-0: Called Strike
1-1: Called Strike
1-2: Ball
2-2: Ground out 1-3 (Groundball, 13S)
Bottom of the 3rd over - 0 run(s), 0 hit(s), 0 error(s), 0 left on base; Panama City 1 - D.C. 0
TOP OF THE 4TH
Panama City Piranhas batting - Pitching for D.C. Divided : RHP José Alaniz
Batting: RHB Cliff Dixon 0-0: Ball
1-0: Called Strike
1-1: Ball
2-1: Ball
3-1: Foul Ball, location: 2F
3-2: Base on Balls
Batting: RHB Fernando López 0-0: Foul Ball, location: 2F
0-1: Swinging Strike
0-2: Strikes out looking
Batting: LHB Arturo Guzmán 0-0: Ball
1-0: Called Strike
1-1: Ball
2-1: SINGLE (Line Drive, 4MD)
Cliff Dixon to second
Batting: RHB Kyle Taylor 0-0: Ball
1-0: Called Strike
1-1: Swinging Strike
1-2: Ball
2-2: Strikes out swinging
Batting: LHB Francisco Sánchez 0-0: Ball
1-0: Ground out 4-3 (Groundball, 4)
Top of the 4th over - 0 run(s), 1 hit(s), 0 error(s), 2 left on base; Panama City 1 - D.C. 0
BOTTOM OF THE 4TH
D.C. Divided batting - Pitching for Panama City Piranhas : LHP Pedro Alejándrez
Batting: RHB Jonathan Widdop 0-0: Ball
1-0: Called Strike
1-1: Foul Ball, location: 2F
1-2: Ground out 3-1 (Groundball, 34)
Batting: RHB Gustavo Mateo 0-0: Ball
1-0: Ball
2-0: Ground out 5-3 (Groundball, 5)
Batting: LHB Félix Pérez 0-0: Called Strike
0-1: Ball
1-1: SINGLE (Groundball, 34D)
Batting: RHB Lúcio López 0-0: Called Strike
0-1: Ground out 5-3 (Groundball, 5S)
Bottom of the 4th over - 0 run(s), 1 hit(s), 0 error(s), 1 left on base; Panama City 1 - D.C. 0
TOP OF THE 5TH
Panama City Piranhas batting - Pitching for D.C. Divided : RHP José Alaniz
Batting: LHB Melvin Castro 0-0: Called Strike
0-1: Ball
1-1: Ball
2-1: Ball
3-1: Foul Ball, location: 2F
3-2: Base on Balls
Batting: SHB Marc Talamante 0-0: Called Strike
0-1: SINGLE (Line Drive, 4MD)
Melvin Castro to second
Batting: RHB Brad Perry 0-0: Ball
1-0: Called Strike
1-1: Ball
2-1: Called Strike
2-2: Ball
3-2: SINGLE (Line Drive, 5D)
Melvin Castro to third
Marc Talamante to second
Batting: RHB Tim Barnes 0-0: Ball
1-0: Swinging Strike
1-1: Swinging Strike
1-2: Foul Ball, location: 2F
1-2: Strikes out swinging
Batting: RHB Cliff Dixon 0-0: Foul Ball, location: 2F
0-1: SINGLE (Line Drive, 8RS)
Melvin Castro scores
Marc Talamante to third
Brad Perry to second
Runner from 3rd tries for Home, SAFE, throw made home
Batting: RHB Fernando López 0-0: Swinging Strike
0-1: Called Strike
0-2: Foul Ball, location: 2F
0-2: Ball
Wild Pitch!
Brad Perry to third
Cliff Dixon to second
1-2: Foul Ball, location: 2F
1-2: Foul Ball, location: 2F
1-2: Ball
2-2: Foul Ball, location: 2F
2-2: SINGLE (Line Drive, 56D)
Brad Perry scores
Cliff Dixon to third
Batting: LHB Arturo Guzmán 0-0: Called Strike
0-1: Called Strike
0-2: Strikes out swinging
Batting: RHB Kyle Taylor 0-0: Ground out 5-3 (Groundball, 5L)
Top of the 5th over - 3 run(s), 4 hit(s), 0 error(s), 2 left on base; Panama City 4 - D.C. 0
BOTTOM OF THE 5TH
D.C. Divided batting - Pitching for Panama City Piranhas : LHP Pedro Alejándrez
Batting: LHB Mike Gardner 0-0: Foul Ball, location: 2F
0-1: Swinging Strike
0-2: Ball
1-2: Fly out, F9 (Flyball, 9LM)
Batting: LHB Jorge Aicón 0-0: Ball
1-0: Ball
2-0: Fly out, F7 (Flyball, 7S)
Batting: LHB Ramón García 0-0: Called Strike
0-1: Foul Ball, location: 2F
0-2: Strikes out swinging
Bottom of the 5th over - 0 run(s), 0 hit(s), 0 error(s), 0 left on base; Panama City 4 - D.C. 0
TOP OF THE 6TH
Panama City Piranhas batting - Pitching for D.C. Divided : RHP José Alaniz
Batting: LHB Francisco Sánchez 0-0: Ball
1-0: Ground out 4-3 (Groundball, 34)
Batting: LHB Melvin Castro 0-0: Ball
1-0: Ball
2-0: Fly out, F8 (Flyball, 8RXD)
Batting: SHB Marc Talamante 0-0: SINGLE (Groundball, 4)
Batting: RHB Brad Perry 0-0: Ball
1-0: Foul Ball, location: 2F
1-1: Ball
2-1: Fielders Choice at 2nd, 5-4 (Groundball, 56)
Top of the 6th over - 0 run(s), 1 hit(s), 0 error(s), 0 left on base; Panama City 4 - D.C. 0
BOTTOM OF THE 6TH
D.C. Divided batting - Pitching for Panama City Piranhas : LHP Pedro Alejándrez
Batting: LHB Charles Mathes 0-0: Called Strike
0-1: Ball
1-1: Ball
2-1: Foul Ball, location: 2F
2-2: Foul Ball, location: 2F
2-2: Ball
3-2: Strikes out swinging
Batting: RHB Brett Robinson 0-0: Called Strike
0-1: Foul Ball, location: 2F
0-2: Ball
1-2: Foul Ball, location: 2F
1-2: Fly out, F7 (Flyball, 8LM)
Batting: RHB Jonathan Widdop 0-0: Swinging Strike
0-1: Foul Ball, location: 2F
0-2: Ball
1-2: Fly out, F9 (Flyball, 9LM)
Bottom of the 6th over - 0 run(s), 0 hit(s), 0 error(s), 0 left on base; Panama City 4 - D.C. 0
TOP OF THE 7TH
Panama City Piranhas batting - Pitching for D.C. Divided : RHP José Alaniz
Batting: RHB Tim Barnes 0-0: Ball
1-0: Foul Ball, location: 2F
1-1: Ball
2-1: SINGLE (Flyball, 7S)
Batting: RHB Cliff Dixon 0-0: Ball
1-0: Called Strike
1-1: Foul Ball, location: 2F
1-2: Foul Ball, location: 2F
1-2: Ball
2-2: Ball
3-2: Fly out, F9 (Flyball, 89M)
Batting: RHB Fernando López 0-0: Ball
1-0: Foul Ball, location: 2F
1-1: Ball
2-1: Ball
3-1: Grounds into double play, 4-6-3 (Groundball, 4)
Top of the 7th over - 0 run(s), 1 hit(s), 0 error(s), 0 left on base; Panama City 4 - D.C. 0
BOTTOM OF THE 7TH
D.C. Divided batting - Pitching for Panama City Piranhas : LHP Pedro Alejándrez
Batting: RHB Gustavo Mateo 0-0: Ball
1-0: Foul Ball, location: 2F
1-1: Ball
2-1: Ball
3-1: Called Strike
3-2: Fly out, F9 (Flyball, 9D)
Batting: LHB Félix Pérez 0-0: Foul Ball, location: 2F
0-1: Ball
1-1: Foul Ball, location: 2F
1-2: Ground out 3-1 (Groundball, 34)
Batting: RHB Lúcio López 0-0: Ball
1-0: Ball
2-0: Fly out, F8 (Line Drive, 8RXD)
Bottom of the 7th over - 0 run(s), 0 hit(s), 0 error(s), 0 left on base; Panama City 4 - D.C. 0
TOP OF THE 8TH
Panama City Piranhas batting - Pitching for D.C. Divided : RHP José Alaniz
Batting: LHB Arturo Guzmán 0-0: Called Strike
0-1: Ball
1-1: Ball
2-1: Ground out 4-3 (Groundball, 4)
Batting: RHB Kyle Taylor 0-0: Ball
1-0: Called Strike
1-1: Ground out 1-3 (Groundball, 15)
Batting: LHB Francisco Sánchez 0-0: Ball
1-0: Ball
2-0: Swinging Strike
2-1: Foul Ball, location: 2F
2-2: SINGLE (Line Drive, 8LS)
Pitching: RHP Lawrence Bignold
Batting: LHB Melvin Castro 0-0: Ball
1-0: Ball
2-0: Ball
3-0: Called Strike
3-1: Base on Balls
Francisco Sánchez to second
Batting: SHB Marc Talamante 0-0: DOUBLE (Flyball, 89D)
Francisco Sánchez scores
Melvin Castro to third
Runner from 3rd tries for Home, SAFE, no throw or cutoff
Batting: RHB Brad Perry 0-0: Ball
1-0: Fly out, F8 (Line Drive, 8LD)
Top of the 8th over - 2 run(s), 2 hit(s), 0 error(s), 1 left on base; Panama City 6 - D.C. 0
BOTTOM OF THE 8TH
D.C. Divided batting - Pitching for Panama City Piranhas : LHP Pedro Alejándrez
Batting: LHB Mike Gardner 0-0: Ball
1-0: Ball
2-0: Ground out 2-3 (Groundball, 23)
Batting: LHB Jorge Aicón 0-0: Called Strike
0-1: SINGLE (Groundball, 4M)
Batting: LHB Ramón García 0-0: Ball
1-0: Called Strike
1-1: Called Strike
1-2: Ball
2-2: Foul Ball, location: 2F
2-2: Ball
3-2: Fly out, F8 (Flyball, 8RM)
Batting: LHB Charles Mathes 0-0: Ball
1-0: Called Strike
1-1: Fly out, F7 (Flyball, 7M)
Bottom of the 8th over - 0 run(s), 1 hit(s), 0 error(s), 1 left on base; Panama City 6 - D.C. 0
TOP OF THE 9TH
Panama City Piranhas batting - Pitching for D.C. Divided : RHP Lawrence Bignold
Batting: RHB Tim Barnes 0-0: Ball
1-0: Swinging Strike
1-1: Ball
2-1: Ball
3-1: Base on Balls
Batting: RHB Cliff Dixon 0-0: Ball
1-0: Foul Ball, location: 2F
1-1: Grounds into double play, 6-4-3 (Groundball, 6D)
Batting: RHB Fernando López 0-0: Ball
1-0: Fly out, F7 (Flyball, 78M)
Top of the 9th over - 0 run(s), 0 hit(s), 0 error(s), 0 left on base; Panama City 6 - D.C. 0
BOTTOM OF THE 9TH
D.C. Divided batting - Pitching for Panama City Piranhas : LHP Pedro Alejándrez
Batting: RHB Brett Robinson 0-0: Ball
1-0: Reached on error, E6 (Groundball, 6M)
Batting: RHB Jonathan Widdop 0-0: Ball
1-0: Ball
2-0: Foul Ball, location: 2F
2-1: Swinging Strike
2-2: Strikes out looking
Batting: RHB Gustavo Mateo 0-0: Ball
1-0: Swinging Strike
1-1: Ball
2-1: Ball
3-1: Fly out, F5 (Popup, 5SF)
Pitching: RHP Francisco Torres
Batting: LHB Félix Pérez 0-0: Called Strike
0-1: Ball
1-1: Swinging Strike
1-2: Ball
2-2: Foul Ball, location: 2F
2-2: Ball
3-2: Base on Balls
Brett Robinson to second
Batting: RHB Lúcio López 0-0: Foul Ball, location: 2F
0-1: Swinging Strike
0-2: Ball
1-2: Fly out, F8 (Flyball, 8RM)
Bottom of the 9th over - 0 run(s), 0 hit(s), 1 error(s), 2 left on base; Panama City 6 - D.C. 0
This league is powered by Out of the Park Baseball, the baseball management simulation game for PC, Mac and Linux
Friday, January 22nd, 2016 - OOTP Baseball 16.9 Build 39